 Dungeon Crawl Stone Soup version 0.30.0-30-g96aa6591b8 (webtiles) character file.

Game seed: 3995314136437940796

1736 ces the Skirmisher (level 8, -8/39 HPs)
             Began as a Spriggan Hunter on June 30, 2023.
             Killed from afar by an acid dragon (25 damage)
             ... with a splash of acid
             ... on level 6 of the Dungeon.
             The game lasted 00:11:56 (6370 turns).

ces the Skirmisher (Spriggan Hunter)                Turns: 6370, Time: 00:11:57

Health: -8/39      AC: -1    Str:  7    XL:     8   Next: 76%
Magic:  9/9        EV: 18    Int: 11    God:
Gold:   368        SH:  0    Dex: 20    Spells: 7/7 levels left

rFire   . . .        a - +0 shortbow
rCold   . . .        (shield currently unavailable)
rNeg    . . .        c - +1 robe
rPois   .            (helmet restricted)
rElec   .            (no cloak)
rCorr   .            (gloves unavailable)
SInv    +            (boots unavailable)
Will    +....        (no amulet)
Stlth   ++           (no ring)
HPRegen 0.26/turn    (no ring)
MPRegen 0.11/turn

%: clarity
@: corroded, very quick
A: very small, no large weapons, unfitting armour, see invisible, speed 3, horns
1, clarity
a: no special abilities


You were on level 6 of the Dungeon.
You visited 1 branch of the dungeon, and saw 6 of its levels.

You collected 368 gold pieces.

Inventory:

Hand Weapons
 a - a +0 shortbow (weapon)
 b - a +0 dagger of protection
Missiles
 f - 2 throwing nets
Armour
 c - a +1 robe (worn)
Jewellery
 e - a ring of flight
 m - a ring of fire
 t - an amulet of the acrobat
 v - a +6 ring of dexterity
Wands
 g - a wand of charming (9)
 n - a wand of flame (13)
 w - a wand of digging (3)
 x - a wand of mindburst (18)
Scrolls
 d - 3 scrolls of identify
 i - 2 scrolls of immolation
 k - 2 scrolls of teleportation
 o - a scroll of magic mapping {unknown}
 p - a scroll of amnesia {unknown}
 q - a scroll of summoning {unknown}
 s - a scroll of torment {unknown}
 u - a scroll of fear {unknown}
 y - a scroll of vulnerability {unknown}
 z - a scroll of fog {unknown}
 A - a scroll of enchant armour
Potions
 h - 2 potions of ambrosia
 j - 2 potions of curing
 l - 2 potions of heal wounds
 r - 2 potions of attraction


   Skills:
 - Level 1.9 Fighting
 + Level 11.8 Ranged Weapons
 - Level 2.9 Dodging
 - Level 1.5 Stealth


You had 7 spell levels left.
You didn't know any spells.
Your spell library contained the following spells:

 Spells                   Type           Power      Damage    Failure   Level
 Freeze                   Ice            0%         1d3       34%         1
 Summon Small Mammal      Summ           0%         N/A       34%         1
 Call Canine Familiar     Summ           0%         N/A       71%         3
 Frozen Ramparts          Ice            0%         1d1       71%         3
 Hailstorm                Conj/Ice       0%         3d3       71%         3
 Summon Guardian Golem    Hex/Summ       0%         N/A       71%         3


Dungeon Overview and Level Annotations

Branches:
Dungeon (6/15)             Temple (0/1) D:5

Altars:
Dithmenos
The Shining One

Annotations:
D:6 2 transporters, Menkaure


Innate Abilities, Weirdness & Mutations

You are very small and have problems with some larger weapons.
You are too small for most types of armour.
You have supernaturally acute eyesight. (SInv)
You cover ground extremely quickly. (Speed+++)
You have a pair of small horns on your head.
You possess an exceptional clarity of mind.


Message History

You shoot an arrow. The arrow completely misses the orc.
You shoot an arrow. The arrow closely misses the orc.
You shoot an arrow.
The arrow hits the orc but does no damage.
The orc is heavily wounded.
You shoot an arrow.
The arrow hits the orc but does no damage.
The orc is heavily wounded.
You shoot an arrow. The arrow barely misses the orc.
The orc completely misses you.
Unknown command.
An orc is nearby!
An orc is nearby!
You shoot an arrow. The arrow closely misses the orc.
The orc completely misses you.
You shoot an arrow. The arrow closely misses the orc.
The orc misses you.
You shoot an arrow. The arrow hits the orc!
You kill the orc!
No target in view!
You see here a +0 club.
An acid dragon comes into view.
Found a wand of mindburst (15).
An acid dragon is nearby!
An acid dragon is nearby!
An acid dragon is nearby!
You shoot an arrow. The arrow hits the acid dragon.
The acid dragon roars!
The acid dragon is moderately wounded.
You shoot an arrow.
The arrow completely misses the acid dragon.
The acid dragon spits acid at you. The splash of acid hits you!!
Ouch! That really hurt!
The acid corrodes you!
You are too injured to fight recklessly!
You are too injured to fight recklessly!
The acid dragon spits acid at you. The splash of acid hits you!!
Ouch! That really hurt!
You die...

.##.≈≈..# ..#.~~.D# .##.≈≈..#
##'######g#8(≈≈..#
.gg......g###≈≈..#
#####©###..g#≈≈..#
#.©.###.#..g#≈≈..#
..).....#####≈≈..#
≈...≈≈≈≈≈≈≈≈≈≈≈.@#
≈...≈≈≈≈≈≈≈≈≈≈≈..#
.................######
########.#.###........#
#.....#........##.# ########
#.##.#.###.....##.####......#
#.##.#####.#.#...........##.#
#.##.......#.####.#......##.#
#.########.#.####.#.##.#.##.#


You could see an acid dragon (catching breath) and a gnoll.

Vanquished Creatures
  A steam dragon (D:6)
  2 water moccasins
  A sky beast (D:6)
  An orc warrior (D:6)
  An ice beast (D:5)
  An ogre (D:5)
  A kobold brigand (D:6)
  A phantom (D:6)
  A bullfrog (D:6)
  4 scorpions
  2 hounds
  2 jellies
  2 orc priests (D:6)
  3 iguanas
  2 orc wizards
  Ijyb (D:5)
  11 adders
  4 gnolls (D:5)
  A worm (D:2)
  6 dart slugs
  18 orcs
  7 bats
  6 endoplasms
  6 giant cockroaches
  14 goblins
  7 hobgoblins
  12 jackals
  7 kobolds
  4 quokkas
  8 ball pythons
  3 frilled lizards
  2 rats
142 creatures vanquished.

Notes
Turn   | Place    | Note
-------+----------+-------------------------------------------
     0 | D:1      | ces the Spriggan Hunter began the quest for the Orb.
     0 | D:1      | Reached XP level 1. HP: 10/10 MP: 2/2
   193 | D:1      | Reached XP level 2. HP: 15/15 MP: 3/3
   247 | D:1      | Found a faded altar of an unknown god.
   807 | D:2      | Reached XP level 3. HP: 18/18 MP: 4/4
   860 | D:2      | Reached skill level 5 in Ranged Weapons
  1097 | D:2      | Reached XP level 4. HP: 23/23 MP: 5/5
  1924 | D:3      | Reached skill level 6 in Ranged Weapons
  2081 | D:3      | Found a glowing golden altar of the Shining One.
  2119 | D:3      | Reached XP level 5. HP: 19/26 MP: 6/6
  2241 | D:3      | Gained mutation: You have a pair of small horns on your
                  | head. [potion of mutation]
  2241 | D:3      | Gained mutation: You possess an exceptional clarity of
                  | mind. [potion of mutation]
  2964 | D:4      | Found a shadowy altar of Dithmenos.
  2997 | D:4      | Reached skill level 7 in Ranged Weapons
  3421 | D:4      | Reached XP level 6. HP: 25/30 MP: 7/7
  3844 | D:5      | Entered Level 5 of the Dungeon
  3879 | D:5      | Noticed an ice beast
  3887 | D:5      | Reached skill level 8 in Ranged Weapons
  4177 | D:5      | Reached XP level 7. HP: 15/34 MP: 8/8
  4445 | D:5      | Noticed Ijyb
  4467 | D:5      | Killed Ijyb
  4484 | D:5      | Found a staircase to the Ecumenical Temple.
  4643 | D:5      | Reached skill level 9 in Ranged Weapons
  5219 | D:6      | Reached skill level 10 in Ranged Weapons
  5219 | D:6      | Reached XP level 8. HP: 22/39 MP: 9/9
  5303 | D:6      | Identified the +6 spear "Weathras" {elec, rPois Str+8
                  | Dex-4}
  5303 | D:6      | Identified the +0 buckler of the Big Bang {rPois rC+ Slay+3
                  | Stlth+}
  5589 | D:6      | Reached skill level 11 in Ranged Weapons
  5640 | D:6      | Identified the +1 long sword of the Ring {drain, rCorr
                  | Int+2}
  5834 | D:6      | Found a transporter.
  5835 | D:6      | Found a transporter.
  5869 | D:6      | Noticed Menkaure
  6370 | D:6      | Killed from afar by an acid dragon

Illustrated notes

Levels and vault maps discovered:
D:1:      ncdulo_lavacross, layout_basic, hellmonk_ecumenical_altar_lost_god
D:2:      kb_forest_paths, layout_loops_corners
D:3:      layout_loops_cross, tso_metal_star
D:4:      layout_gridville, mainiacjoe_overflow_cross_hatched, minmay_cupped
D:5:      layout_loops_cross, minmay_temple_entry_from_below_b,
          minmay_ogre_servants, uniq_ijyb
D:6:      layout_loops_corners, kennysheep_mini_moat,
          gammafunk_ghost_gnarly_gnolls, minmay_increasing_density,
          uniq_menkaure

Skill      XL: |  1  2  3  4  5  6  7  8 |
---------------+-------------------------+-----
Ranged Weapons | 5 6 7 8 10 11 | 11.8
Fighting       | |  1.9
Dodging        | |  2.9
Stealth        | |  1.5

Action                     |  1- 3 |  4- 6 |  7- 9 || total
---------------------------+-------+-------+-------++-------
   Fire: Shortbow          |    99 |   211 |   194 ||   504
  Evoke: Wand              |       |       |     1 ||     1
    Use: Potion            |       |     3 |     2 ||     5
         Scroll            |       |     4 |     4 ||     8
 Armour: Robe              |     1 |     7 |     4 ||    12
  Dodge: Dodged            |    27 |    62 |    44 ||   133
